 Dungeon Crawl Stone Soup version 0.30-a0-748-ge6a52f7cba (webtiles) character file.

Game seed: 4312336124307092668

954 browni3141 the Grave Robber (level 7, -6/56 HPs)
             Began as a Mummy Cinder Acolyte on Feb 8, 2023.
             Was an Elder of Ignis.
             Mangled by Duvessa
             ... wielding a +2 rapier of speed
              (9 damage)
             ... on level 5 of the Dungeon.
             The game lasted 00:09:43 (4431 turns).

browni3141 the Grave Robber (Mummy Cinder Acolyte)  Turns: 4431, Time: 00:09:44

Health: -6/56      AC: 14    Str: 17    XL:     7   Next: 91%
Magic:  13/13      EV: 11    Int: 16    God:    Ignis [****..]
Gold:   360        SH:  0    Dex:  7    Spells: 9/14 levels left

rFire   . . .      SeeInvis +    r - +2 spear (venom)
rCold   + . .      Faith    +    (no shield)
rNeg    + + +      Spirit   .    b - +0 robe
rPois   ∞          Reflect  .    o - +2 helmet {SInv}
rElec   .          Harm     .    (no cloak)
rCorr   .          Rampage  .    l - +0 pair of gloves
Will    .....                    v - +0 pair of boots
Stlth   +                        j - amulet of magic regeneration
HPRegen 0.29/turn                (no ring)
MPRegen 0.53/turn                (no ring)

@: weak-willed, fiery-armoured
A: cold resistance 1, negative energy resistance 3, torment resistance 2, heat
vulnerability 1, in touch with death 1, no potions, faith
a: Renounce Religion, Fiery Armour, Foxfire Swarm, Rising Flame


You were on level 5 of the Dungeon.
You worshipped Ignis.
Ignis was greatly pleased with you.
You visited 1 branch of the dungeon, and saw 6 of its levels.

You collected 360 gold pieces.

Inventory:

Hand Weapons
 a - a -1 hand axe of freezing
 d - a +0 hand axe
 m - a +1 short sword of draining
 r - a +2 spear of venom (weapon)
Missiles
 c - 35 stones
 t - 4 poisoned darts
Armour
 b - a +0 robe (worn)
 i - a +0 scale mail
 l - a +0 pair of gloves (worn)
 o - a +2 helmet of see invisible (worn)
 v - a +0 pair of boots (worn)
Jewellery
 j - an amulet of magic regeneration (around neck)
Scrolls
 e - a scroll of vulnerability
 f - a scroll of enchant armour {unknown}
 g - 2 scrolls of identify
 h - 3 scrolls of fear
 k - a scroll of brand weapon
 n - a scroll of silence {unknown}
 p - 2 scrolls of teleportation {unknown}
 q - a scroll of immolation {unknown}
 s - a scroll of enchant weapon {unknown}
 u - a scroll of amnesia {unknown}


   Skills:
 - Level 5.0 Fighting
 - Level 4.0 Axes
 - Level 1.0 Stealth
 * Level 4.2 Spellcasting
 - Level 6.0 Necromancy
 - Level 2.4 Fire Magic


You had 9 spell levels left.
You knew the following spells:

 Your Spells              Type           Power      Damage    Failure   Level
a - Scorch                Fire           22%        2d6       10%         2
b - Vampiric Draining     Necr           33%        2d8       4%          3

Your spell library contained the following spells:

 Spells                   Type           Power      Damage    Failure   Level
 Slow                     Hex            12%        N/A       17%         1
 Static Discharge         Conj/Air       6%         2-3/arc   26%         2
 Confusing Touch          Hex            3%         N/A       45%         3
 Vhi's Electric Charge    Tloc/Air       6%         N/A       45%         3
 Arcjolt                  Conj/Air       1%         1d11      99%         5
 Lightning Bolt           Conj/Air       1%         1d12      99%         5


Dungeon Overview and Level Annotations

Branches:
Dungeon (6/15)             Temple (0/1) D:4

Altars:

Annotations:
D:2 Sigmund
D:4 exclusion: downstairs
D:5 Duvessa


Innate Abilities, Weirdness & Mutations

You are immune to poison.
Your flesh is cold resistant. (rC+)
You are immune to negative energy. (rN+++)
You are immune to unholy pain and torment.
You are vulnerable to heat. (rF-)
You are in touch with the powers of death.
You do not drink.
You have a special connection with the divine. (Faith)


Message History

You can't go down here!
A protective cloak of flame settles atop you.
You barely miss Duvessa.
Duvessa hits you with a +2 rapier of speed!
Duvessa is burned by your cloak of flames.
Duvessa is lightly wounded.
Press: ? - help, v - describe, . - travel
Here: Duvessa, wielding a +2 rapier of speed and wearing a +0 leather armour (lightly wounded, berserk)
The floor.
Unknown command.
You closely miss Duvessa.
Duvessa is lightly wounded.
Duvessa hits you with a +2 rapier of speed!
Duvessa hits you with a +2 rapier of speed!!
Duvessa is burned by your cloak of flames.
Duvessa is lightly wounded.
Duvessa misses you.
As you read the scroll labelled CEHYOG SYESEPAZEBB, it crumbles to dust.
It is a scroll of identify.
h - 3 scrolls of fear Duvessa hits you with a +2 rapier of speed!
* * * LOW HITPOINT WARNING * * *
Duvessa is burned by your cloak of flames.
Duvessa is moderately wounded.
Duvessa closely misses you.
You can't see any enemies this would affect, really read the scroll of fear?
Okay, then.
As you read the scroll labelled MOIDEA BUEBU, it crumbles to dust.
Magic quickly surges around you.
It was a scroll of vulnerability.
Duvessa hits you with a +2 rapier of speed!
* * * LOW HITPOINT WARNING * * *
Duvessa is burned by your cloak of flames.
Duvessa is moderately wounded.
Duvessa closely misses you.
As you read the scroll labelled ITSEQO APUQ, it crumbles to dust.
It is a scroll of brand weapon.
Your -1 hand axe of flaming is covered with a thin layer of ice!
a - a -1 hand axe of freezing Duvessa hits you with a +2 rapier of speed!
You die...

...##!###.#..#####.###.######....
..###.# #....# #...>## #.##. .##
#.# #....## #.#.## #.##. .# #.#
.......###.#.### #.##. .#
#..................# #.##. .# ###
.......#.......# #.### .#
####.#...###.......# #.# .#
#.)........>.......# #.# .#
#.##.#..####@......# #.### .# #.#
#..####e......### ##.#.. .#
#.##.#..##...........###....# .#
#.##.#..##.......###......... .#
#.##.#...............###....# .#
#.##.#.###.......###.# ##.#.# .#
#.##.#.# #....#.####.####.#.# .#
#.##.#.###.#.##.............# .#
#†##.#............###########


You could see Duvessa (berserk, weak-willed).

Vanquished Creatures
  Grinder (D:5)
  2 black bears (D:5)
  An ogre (D:5)
  A phantom (D:4)
  A scorpion (D:5)
  Dowan (D:5)
  A hound (D:4)
  2 jellies (D:5)
  8 adders
  7 gnolls (D:4)
  A shadow imp (D:5)
  3 ufetubi (D:5)
  2 worms
  A dart slug (D:3)
  9 orcs
  7 endoplasms
  4 giant cockroaches
  A goblin (D:1)
  2 hobgoblins (D:3)
  7 jackals
  4 kobolds
  A quokka (D:2)
  5 ball pythons
  2 bats (D:1)
  A frilled lizard (D:3)
  5 rats
80 creatures vanquished.

Vanquished Creatures (others)
  17 foxfires (D:5)
  A plant (D:2)
18 creatures vanquished.

Grand Total: 98 creatures vanquished

Notes
Turn   | Place    | Note
-------+----------+-------------------------------------------
     0 | D:1      | browni3141 the Mummy Cinder Acolyte began the quest for the
                  | Orb.
     0 | D:1      | Reached XP level 1. HP: 18/18 MP: 2/2
   157 | D:1      | Reached skill level 1 in Stealth
   280 | D:1      | Reached XP level 2. HP: 11/24 MP: 4/4
   285 | D:1      | Learned a level 2 spell: Scorch
  1043 | D:2      | Gained mutation: You are in touch with the powers of death.
                  | [Mummy growth]
  1043 | D:2      | Reached XP level 3. HP: 29/29 MP: 0/5
  1382 | D:2      | Noticed Sigmund
  1866 | D:3      | You fall into a shaft and drop 1 floor!
  2029 | D:4      | Reached XP level 4. HP: 28/35 MP: 2/7
  2289 | D:4      | Found a staircase to the Ecumenical Temple.
  3101 | D:4      | Reached XP level 5. HP: 42/42 MP: 9/9
  3509 | D:4      | Learned a level 3 spell: Vampiric Draining
  3510 | D:5      | Entered Level 5 of the Dungeon
  3511 | D:5      | Noticed Dowan
  3530 | D:5      | Noticed an ogre
  3621 | D:5      | Noticed a phantom
  3641 | D:4      | Killed a phantom
  3642 | D:4      | Reached skill level 1 in Necromancy
  3642 | D:4      | Reached XP level 6. HP: 49/49 MP: 5/11
  3695 | D:5      | Noticed Grinder
  3699 | D:5      | Killed Grinder
  3700 | D:5      | Reached skill level 3 in Necromancy
  3727 | D:5      | Reached skill level 5 in Fighting
  3727 | D:5      | Reached XP level 7. HP: 45/56 MP: 13/13
  3880 | D:5      | Noticed Duvessa
  4122 | D:5      | Reached skill level 4 in Necromancy
  4186 | D:5      | Reached skill level 5 in Necromancy
  4258 | D:5      | Killed Dowan
  4275 | D:5      | Reached skill level 6 in Necromancy
  4410 | D:6      | Noticed a brown ugly thing
  4430 | D:5      | HP: 2/56 [Duvessa/+2 rapier of speed (10)]
  4431 | D:5      | Mangled by Duvessa

Illustrated notes

Levels and vault maps discovered:
D:1:      saegor_arrival_fortress, layout_rooms
D:2:      layout_loops_ring, chequers_big_river, uniq_sigmund
D:3:      layout_loops_ring, fountainhead
D:4:      layout_basic, mainiacjoe_overflow_cross_hatched,
          minmay_temple_entry_glass
D:5:      layout_loops_ring, minmay_between, uniq_duvessa, uniq_grinder
D:6:      layout_gridville

Skill      XL: |  1  2  3  4  5  6  7 |
---------------+----------------------+-----
Stealth        | 1 |  1.0
Axes           | 3 4 |  4.0
Spellcasting   | 2 3 4 |  4.2
Fighting       | 4 5 |  5.0
Necromancy     | 1 3 6 |  6.0
Fire Magic     | |  2.4

Action                     |  1- 3 |  4- 6 |  7- 9 || total
---------------------------+-------+-------+-------++-------
  Melee: Hand axe          |    78 |       |       ||    78
         Short sword       |    13 |    18 |       ||    31
         Spear             |       |   100 |    26 ||   126
         Punch             |       |       |     1 ||     1
  Throw: Stone             |     2 |       |       ||     2
   Cast: Scorch            |     9 |    12 |    11 ||    32
 Invoke: Fiery Armour      |     1 |       |     1 ||     2
         Foxfire Swarm     |       |     1 |       ||     1
    Use: Scroll            |       |       |     3 ||     3
   Stab: Sleeping          |       |     3 |     2 ||     5
 Armour: Robe              |    28 |    37 |     9 ||    74
         Scale mail        |     2 |       |       ||     2
  Dodge: Dodged            |    75 |    78 |    19 ||   172

Table legend: (Time is in decaauts)
 A = Elapsed time spent in this place.
 B = Non-inter-level travel time spent in this place.
 C = Inter-level travel time spent in this place.
 D = Time resting spent in this place.
 E = Time spent auto-exploring this place.
 F = Levels seen in this place.
 G = Mean time per level.
                   A        B        C        D        E       F      G
               +--------+--------+--------+--------+--------+-----+--------+
         Total |   4455 |   4182 |    273 |     11 |   3322 |   6 |  742.5 |
       Dungeon |   4455 |   4182 |    273 |     11 |   3322 |   6 |  742.5 |
               +--------+--------+--------+--------+--------+-----+--------+

Top non-repeatable levels by time:
     D:4: 1078 daAuts
     D:2: 1030 daAuts
     D:3: 967 daAuts
     D:5: 822 daAuts
     D:1: 544 daAuts
     D:6: 11 daAuts
